 Dungeon Crawl Stone Soup version 0.31-a0-441-g867994e (webtiles) character file.

Game seed: 17337833851236654238

38 Waenchile the Grave Robber (level 3, -4/28 HPs)
             Began as a Ghoul Necromancer on Aug 2, 2023.
             Slain by a scorpion (5 damage)
             ... on level 3 of the Dungeon.
             The game lasted 00:11:54 (788 turns).

Waenchile the Grave Robber (Ghoul Necromancer)       Turns: 788, Time: 00:11:54

Health: -4/28      AC:  2    Str: 11    XL:     3   Next: 43%
Magic:  5/5        EV: 12    Int: 12    God:
Gold:   29         SH:  0    Dex:  9    Spells: 2/6 levels left

rFire   . . .        e - +1 hand axe (venom)
rCold   + . .        (no shield)
rNeg    + + +        a - +0 robe
rPois   ∞            (no helmet)
rElec   .            (no cloak)
rCorr   .            (no gloves)
SInv    .            (no boots)
Will    .....        (no amulet)
Stlth   ++           (no ring)
HPRegen 0.00/turn    (no ring)
MPRegen 0.09/turn

%: no passive effects
@: inhibited regen
A: claws 1, cold resistance 1, negative energy resistance 3, inhibited
regeneration, torment resistance 2, devour on kill
a: no special abilities


You were on level 3 of the Dungeon.
You visited 1 branch of the dungeon, and saw 3 of its levels.

You collected 29 gold pieces.

Inventory:

Hand Weapons
 e - a +1 hand axe of venom (weapon)
 g - a +0 flail
Missiles
 c - 9 stones
Armour
 a - a +0 robe (worn)
Talismans
 f - a beast talisman
Scrolls
 d - a scroll of identify
Potions
 b - a potion of magic


   Skills:
 + Level 1.0 Fighting
 + Level 0.5 Maces & Flails
 + Level 0.1 Armour
 + Level 1.9 Dodging
 + Level 2.4 Stealth
 + Level 0.4 Unarmed Combat
 + Level 2.0 Spellcasting
 + Level 4.4 Necromancy


You had 2 spell levels left.
You knew the following spells:

 Your Spells              Type           Power      Damage    Failure   Level
a - Necrotise             Necr           44%        1d6       4%          1
b - Vampiric Draining     Necr           11%        2d6       13%         3

Your spell library contained the following spells:

 Spells                   Type           Power      Damage    Failure   Level
 Animate Dead             Necr           11%        N/A       41%         4
 Agony                    Necr           11%        N/A       77%         5


Dungeon Overview and Level Annotations

Branches:
Dungeon (3/15)

Altars:

Shops:
D:1 *


Innate Abilities, Weirdness & Mutations

You are immune to poison.
You have sharp fingernails.
Your flesh is cold resistant. (rC+)
You are immune to negative energy. (rN+++)
You do not regenerate when monsters are visible.
You are immune to unholy pain and torment.
You thrive by killing the living.


Message History

Confirm with . or Enter, or press ? or * to list all spells.
Aiming: Necrotise (safe; 4% risk of failure)
Press: ? - help, Shift-Dir - straight line, f - dart slug
Aim: a dart slug (chance to affect: 80%)
The dart slug barely resists.
The scorpion closely misses you. The dart slug launches a dart at you.
The slug dart misses you.
You hit the dart slug.
The dart slug is lightly wounded.
You completely miss the scorpion. You closely miss the quokka.
The quokka closely misses you. The scorpion barely misses you.
The dart slug bites you but does no damage.
You hit the dart slug.
The dart slug is poisoned.
The dart slug is moderately wounded.
You closely miss the scorpion. You closely miss the quokka.
You kill the dart slug!
The quokka barely misses you. The scorpion barely misses you.
The quokka bites you. The scorpion closely misses you. The quokka bites you.
The scorpion stings you.
You see here a dart slug corpse.
You barely miss the quokka. You barely miss the scorpion.
The quokka closely misses you. The scorpion stings you.
The quokka bites you but does no damage.
You slash the quokka!
You kill the quokka!
You feel better.
You barely miss the scorpion. The scorpion stings you!
The scorpion closely misses you.
You hit the scorpion but do no damage.
The scorpion is poisoned.
The scorpion stings you.
* * * LOW HITPOINT WARNING * * *
The scorpion closely misses you.
You closely miss the scorpion.
The scorpion is lightly wounded.
The scorpion stings you.
* * * LOW HITPOINT WARNING * * *
A hobgoblin comes into view.
You closely miss the scorpion.
The scorpion is moderately wounded.
The scorpion stings you.
You die...

.......
..........
........
.....'# ....#
.g..# ####...#
####..@...#
###.....s†..#
##.......#...#
#......###...#
##...####
#...# #...##
#...+ ##...#
#....
####...##
#.....
###......#
#......


You could see a scorpion (poisoned) and a hobgoblin (wandering).

Vanquished Creatures
  An adder (D:2)
  A dart slug (D:3)
  An orc (D:3)
  A bat (D:1)
  2 endoplasms (D:1)
  2 giant cockroaches (D:1)
  4 goblins (D:1)
  A hobgoblin (D:3)
  2 quokkas
  3 ball pythons (D:1)
  2 frilled lizards (D:1)
  3 kobolds (D:1)
  2 rats (D:1)
25 creatures vanquished.

Notes
Turn   | Place    | Note
-------+----------+-------------------------------------------
     0 | D:1      | Waenchile the Ghoul Necromancer began the quest for the
                  | Orb.
     0 | D:1      | Reached XP level 1. HP: 14/14 MP: 2/2
   189 | D:1      | Found Foblatill's Assorted Antiques.
   244 | D:1      | Reached XP level 2. HP: 12/20 MP: 3/3
   660 | D:2      | Reached skill level 1 in Fighting
   660 | D:2      | Reached XP level 3. HP: 27/28 MP: 5/5
   760 | D:3      | Learned a level 3 spell: Vampiric Draining
   777 | D:3      | Noticed a scorpion
   787 | D:3      | HP: 1/28 [scorpion (5)]
   788 | D:3      | Slain by a scorpion

Illustrated notes

Levels and vault maps discovered:
D:1:      lordsloth_arrival_two_stooges, layout_basic, serial_shops, shop,
          minmay_vboxes
D:2:      layout_rooms, ebering_ecumenical_altar_petrified, basic_altar
D:3:      layout_basic, serial_curves, eino_curves_04, eino_curves_02,
          minivault_11, minmay_ogre_servants

Skill      XL: |  1  2 |
---------------+-------+-----
Spellcasting   | 2 |  2.0
Fighting       | 1 |  1.0
Maces & Flails | |  0.5
Armour         | |  0.1
Dodging        | |  1.9
Stealth        | |  2.4
Unarmed Combat | |  0.4
Necromancy     | |  4.4

Action                     || total
---------------------------++-------
  Melee: Club              ||    11
         Unarmed           ||    31
         Short sword       ||     6
         Punch             ||     2
         Hand axe          ||    26
   Cast: Necrotise         ||     3
    Use: Scroll            ||     5
         Potion            ||     1
   Stab: Sleeping          ||     3
 Armour: Scale mail        ||    21
         Robe              ||    12
  Dodge: Dodged            ||    52

Table legend: (Time is in decaauts)
 A = Elapsed time spent in this place.
 B = Non-inter-level travel time spent in this place.
 C = Inter-level travel time spent in this place.
 D = Time resting spent in this place.
 E = Time spent auto-exploring this place.
 F = Levels seen in this place.
 G = Mean time per level.
                   A        B        C        D        E       F      G
               +--------+--------+--------+--------+--------+-----+--------+
         Total |    796 |    297 |    499 |      0 |      0 |   3 |  265.3 |
       Dungeon |    796 |    297 |    499 |      0 |      0 |   3 |  265.3 |
               +--------+--------+--------+--------+--------+-----+--------+

Top non-repeatable levels by time:
     D:1: 659 daAuts
     D:3: 92 daAuts
     D:2: 44 daAuts
